 Dungeon Crawl Stone Soup version 0.31-a0-810-ga77100ea1a (webtiles) character file.

Game seed: 10210118486993170222

102 pokeman the Magician (level 4, 0/37 HPs)
             Began as a Deep Elf Hedge Wizard on Sept 21, 2023.
             Succumbed to Terence's poison
             ... on level 2 of the Dungeon.
             The game lasted 00:03:39 (2547 turns).

pokeman the Magician (Deep Elf Hedge Wizard)        Turns: 2547, Time: 00:03:40

Health: 0/37       AC: 22    Str:  7    XL:     4   Next: 49%
Magic:  10/13      EV:  2    Int: 21    God:
Gold:   127        SH:  0    Dex: 14    Spells: 6/14 levels left

rFire   . . .        a - +0 dagger
rCold   . . .        (no shield)
rNeg    + . .        b - melded +0 robe
rPois   +            c - melded +0 hat
rElec   .            (cloak currently unavailable)
rCorr   .            (gloves currently unavailable)
SInv    .            (boots currently unavailable)
Will    .....        (no amulet)
Stlth   ++           o - ring of flight
HPRegen 0.26/turn    t - ring of positive energy
MPRegen 0.13/turn

%: no passive effects
@: lethally poisoned (0 -> -15), tree-form
A: stationary, stasis, torment immunity, boosted hp
a: no special abilities


You were on level 2 of the Dungeon.
You were a tree.
You visited 1 branch of the dungeon, and saw 2 of its levels.

You collected 127 gold pieces.

Inventory:

Hand Weapons
 a - a +0 dagger (weapon)
Armour
 b - a +0 robe (melded)
 c - a +0 hat (melded)
Magical Staves
 q - a staff of earth
Jewellery
 o - a ring of flight (left branch)
 t - a ring of positive energy (right branch)
Scrolls
 e - 4 scrolls of teleportation {unknown}
 f - a scroll of noise {unknown}
 h - a scroll of identify {unknown}
 j - a scroll of fear {unknown}
 l - a scroll of enchant armour {unknown}
 n - a scroll of vulnerability {unknown}
 p - a scroll of blinking {unknown}
 r - a scroll of poison {unknown}
Potions
 d - a potion of magic
 i - a potion of mutation {unknown}
 k - a potion of curing {unknown}
 m - a potion of cancellation {unknown}
 s - a potion of resistance {unknown}


   Skills:
 - Level 1.1 Fighting
 - Level 1.1 Armour
 + Level 2.6 Dodging
 + Level 2.7 Stealth
 * Level 5.7 Spellcasting
 + Level 2.3 Conjurations
 - Level 1.1 Summonings
 - Level 1.1 Translocations


You had 6 spell levels left.
You knew the following spells:

 Your Spells              Type           Power      Damage    Failure   Level
a - Magic Dart            Conj           60%        1d6       3%          1
b - Mephitic Cloud        Conj/Pois/Air  9%         N/A       22%         3
c - Call Imp              Summ           20%        N/A       10%         2
d - Blink                 Tloc           20%        N/A       10%         2

Your spell library contained the following spells:

 Spells                   Type           Power      Damage    Failure   Level
 Slow                     Hex            24%        N/A       10%         1
 Cigotuvi's Dreadful Rot  Necr/Pois/Air  12%        N/A       16%         2
 Ensorcelled Hibernation  Hex/Ice        12%        N/A       16%         2
 Jinxbite                 Hex            12%        N/A       16%         2
 Anguish                  Hex/Necr       3%         N/A       69%         4


Dungeon Overview and Level Annotations

Branches:
Dungeon (2/15)

Altars:

Shops:
D:1 ?

Annotations:
D:2 Terence


Message History

Terence the Incautious comes into view.
He is wielding a +0 trident of venom.
Terence shouts!
Casting: Magic Dart (safe; 3% risk of failure)
Confirm with . or Enter, or press ? or * to list all spells.
Aiming: Mephitic Cloud (extremely dangerous; 22% risk of failure)
Press: ? - help, Shift-Dir - straight line, f - Terence
Aim: Terence, wielding a +0 trident of venom and wearing a +0 scale mail (chance to affect: 91%)
The ball explodes into a vile cloud!
The stinking cloud engulfs Terence but does no damage.
Terence is engulfed in noxious fumes.
Terence hits you from afar with a +0 trident of venom.
Unknown command.
Unknown command.
Terence is engulfed in noxious fumes.
Terence appears confused.
Terence closely misses you.
You hit Terence.
Terence is lightly wounded.
Terence is engulfed in noxious fumes.
Terence appears confused.
Terence hits you with a +0 trident of venom.
You are poisoned.
You catch the helpless Terence completely off-guard!
You hit Terence.
Terence is heavily wounded.
You feel very sick.
Terence is engulfed in noxious fumes.
Terence appears confused.
Terence barely misses you.
You hit Terence.
Terence is severely wounded.
You feel very sick.
You hit Terence but do no damage.
Terence is severely wounded.
You feel sick.
Terence hits you with a +0 trident of venom!
* * * LOW HITPOINT WARNING * * *
You are more poisoned.
Unknown command.
It was a potion of lignification.
You turn into a tree.
Your +0 hat melds into your body.
Your +0 robe melds into your body.
Your roots penetrate the ground.
You die...

.###.#
#.).....#......###.#
.# #.#
##.....†.#.######
#.# .#
#.####........#.#
#.# .#
#......##..>###.#
#.# .########.##...#
#.# .# .#<##
#.###..# #.# ..#.#
#.# #..# #.###..
##.##
##.###..###......
#.#
#........♣@.....#
#.#
#.#####.###.###.#
#.# ##.## #.# # #.#
##†..## #.>
#.###.....####.#
#........#.###.#
#####.....##.#.#
##......#..#
##......#.# ###


You could see Terence (confused).

Vanquished Creatures
  Jessica (D:2)
  2 adders (D:2)
  A worm (D:2)
  3 endoplasms
  3 giant cockroaches
  12 goblins
  5 hobgoblins
  2 quokkas (D:1)
  6 ball pythons
  5 bats
  A frilled lizard (D:1)
  5 kobolds
  6 rats
52 creatures vanquished.

Notes
Turn   | Place    | Note
-------+----------+-------------------------------------------
     0 | D:1      | pokeman the Deep Elf Hedge Wizard began the quest for the
                  | Orb.
     0 | D:1      | Reached XP level 1. HP: 10/10 MP: 7/7
   427 | D:1      | Reached XP level 2. HP: 16/16 MP: 2/9
   795 | D:1      | Found Wal Tiha's Magic Scroll Emporium.
   843 | D:1      | Reached skill level 5 in Spellcasting
  1090 | D:1      | Reached XP level 3. HP: 20/20 MP: 5/11
  1095 | D:1      | Learned a level 3 spell: Mephitic Cloud
  1101 | D:1      | Learned a level 2 spell: Call Imp
  1104 | D:1      | Learned a level 2 spell: Blink
  1942 | D:2      | Noticed Jessica
  1945 | D:2      | Killed Jessica
  1946 | D:2      | Reached skill level 1 in Fighting
  1946 | D:2      | Reached skill level 1 in Armour
  2049 | D:2      | Reached XP level 4. HP: 25/25 MP: 10/13
  2539 | D:2      | Noticed Terence
  2547 | D:2      | Succumbed to Terence's poison

Illustrated notes

Levels and vault maps discovered:
D:1:      dpeg_arrival_circle_labyrinth_c, layout_basic, serial_shops, shop,
          minmay_fountain_box, nicolae_wormholes
D:2:      cheibrodos_greedy_goblins, layout_loops_ring, uniq_terence,
          uniq_jessica

Skill      XL: |  1  2  3 |
---------------+----------+-----
Spellcasting   | 5 |  5.7
Fighting       | 1 |  1.1
Armour         | 1 |  1.1
Conjurations   | 2 |  2.3
Dodging        | |  2.6
Stealth        | |  2.7
Summonings     | |  1.1
Translocations | |  1.1

Action                     |  1- 3 |  4- 6 || total
---------------------------+-------+-------++-------
  Melee: Dagger            |       |     8 ||     8
   Cast: Magic Dart        |    98 |    37 ||   135
         Mephitic Cloud    |       |     3 ||     3
    Use: Potion            |       |     1 ||     1
   Stab: Confused          |       |     3 ||     3
 Armour: Robe              |     3 |     6 ||     9
  Dodge: Dodged            |     4 |    10 ||    14

Table legend: (Time is in decaauts)
 A = Elapsed time spent in this place.
 B = Non-inter-level travel time spent in this place.
 C = Inter-level travel time spent in this place.
 D = Time resting spent in this place.
 E = Time spent auto-exploring this place.
 F = Levels seen in this place.
 G = Mean time per level.
                   A        B        C        D        E       F      G
               +--------+--------+--------+--------+--------+-----+--------+
         Total |   2544 |   2470 |     74 |      0 |   2178 |   2 | 1272.0 |
       Dungeon |   2544 |   2470 |     74 |      0 |   2178 |   2 | 1272.0 |
               +--------+--------+--------+--------+--------+-----+--------+

Top non-repeatable levels by time:
     D:1: 1689 daAuts
     D:2: 855 daAuts
